 Dungeon Crawl Stone Soup version 0.20-a0-77-g476458c (webtiles) character file.

5 KristoblXynda the Charmwright (level 1, -2/19 HPs)
             Began as a Naga Skald on Nov 19, 2016.
             Slain by a kobold
             ... wielding a +0 club
              (4 damage)
             ... on level 1 of the Dungeon.
             The game lasted 00:00:31 (562 turns).

KristoblXynda the Charmwright (Naga Skald)           Turns: 562, Time: 00:00:32

Health: -2/19      AC:  1    Str: 14    XL:     1   Next: 80%
Magic:  3/3        EV:  9    Int: 12    God:
Gold:   68         SH:  0    Dex: 10    Spells: 1 memorised, 3 levels left

rFire  . . .     SeeInvis +     a - +0 hand axe
rCold  . . .     Gourm    .     b - +0 leather armour
rNeg   . . .     Faith    .     (no shield)
rPois  +         Spirit   .     (no helmet)
rElec  .         Reflect  .     (no cloak)
rCorr  .         Harm     .     (no gloves)
MR     .....                    (no barding)
Stlth  +.........               (no amulet)
                                (no ring)
                                (no ring)

@: very slow
A: see invisible, deformed body, poison resistance, slowness 2, slow metabolism
1, spit poison 1, AC +0
a: Spit Poison


You were on level 1 of the Dungeon.
You were not hungry.

You visited 1 branch of the dungeon, and saw 1 of its levels.

You collected 68 gold pieces.

Inventory:

Hand Weapons
 a - a +0 hand axe (weapon)
Armour
 b - a +0 leather armour (worn)
Scrolls
 e - a scroll of random uselessness {unknown}
 f - a scroll of fog {unknown}
 g - 2 scrolls of enchant armour {unknown}
 h - a scroll of amnesia {unknown}
 j - a scroll of enchant weapon {unknown}
Potions
 i - 2 potions of mutation {unknown}
Books
 c - a book of Battle

   Spells                             Type                      Level
   a - Infusion                       Charms                       1
   b - Shroud of Golubria             Charms/Translocation         2
   c - Song of Slaying                Charms                       2
   d - Spectral Weapon                Hexes/Charms                 3
   e - Regeneration                   Charms/Necromancy            3
Comestibles
 d - a bread ration


   Skills:
 - Level 2.0 Fighting
 + Level 2.1 Axes
 + Level 1.2 Armour
 + Level 0.8 Dodging
 - Level 2.0 Spellcasting
 - Level 3.0 Charms


You had 3 spell levels left.
You knew the following spells:

 Your Spells              Type           Power        Failure   Level  Hunger
a - Infusion              Chrm           #...         12%         1    ##.....


Dungeon Overview and Level Annotations

Branches:
Dungeon (1/15)

Altars:


Innate Abilities, Weirdness & Mutations

You cannot wear boots.
Your serpentine skin is tough. (AC +0)
You have supernaturally acute eyesight. (SInv)
Armour fits poorly on your strangely shaped body.
Your system is resistant to poisons. (rPois)
You cover ground very slowly.
You have a slow metabolism.
You can spit poison.


Message History

Found a stone staircase leading down.
You see here a short sword.
There is a stone staircase leading down here.
You open the door.
A kobold comes into view. It is wielding a club.
The kobold shouts!
You closely miss the kobold. The kobold hits you with a club. x2
You barely miss the kobold. The kobold hits you with a club.
You closely miss the kobold. The kobold completely misses you.
You barely miss the kobold. The kobold hits you but does no damage.
You barely miss the kobold. The kobold hits you but does no damage.
You barely miss the kobold. The kobold hits you with a club.
You miss the kobold. The kobold hits you with a club.
* * * LOW HITPOINT WARNING * * *
You barely miss the kobold. The kobold hits you with a club.
* * * LOW HITPOINT WARNING * * *
You hit the kobold.
The kobold is severely wounded.
The kobold hits you with a club.
You die...

######### ........#
...####.# ##รท...#.#
......#.# #### ##.#..#.#
....#
##..#.#.##########.....#
..##............@K.....+
>.###.############.....#
##..#.....# ....#
##.######.# ####
..........#
.....########### ####.#
#.......# ...#.#
#.#####.# ...#.# #.# #.#


You could see a kobold.

Vanquished Creatures
  A ball python (D:1)
  A goblin (D:1)
  A hobgoblin (D:1)
  2 rats (D:1)
5 creatures vanquished.

Notes
Turn   | Place    | Note
-------+----------+-------------------------------------------
     0 | D:1      | KristoblXynda the Naga Skald began the quest for the Orb.
     0 | D:1      | Reached XP level 1. HP: 19/19 MP: 3/3
   189 | D:1      | Reached skill level 1 in Armour
   562 | D:1      | Slain by a kobold

Vault maps used:
D:1:      sevenhm_arrival_forest_fort_large_4, st_stairs_7

Skill      XL: |  1 |
---------------+----+-----
Armour         | 1 |  1.2
Fighting       | |  2.0
Axes           | |  2.1
Dodging        | |  0.8
Spellcasting   | |  2.0
Charms         | |  3.0

Action                   || total
-------------------------++-------
Melee: Hand axe          ||    24
Armor: Leather armour    ||     1
Dodge: Dodged            ||     7
